 Dungeon Crawl Stone Soup version 0.28-a0-819-g6ef7baa362 (webtiles) character file.

Game seed: 1137600643272187115

383 MacCMillion the Grave Robber (level 6, -12/50 HPs)
             Began as a Hill Orc Necromancer on Nov 8, 2021.
             Was a Follower of Yredelemnul.
             Mangled by a gnoll (13 damage)
             ... on level 4 of the Dungeon.
             The game lasted 00:11:05 (5328 turns).

MacCMillion the Grave Robber (Hill Orc Necromancer) Turns: 5328, Time: 00:11:06

Health: -12/50     AC:  2    Str: 13    XL:     6   Next: 76%
Magic:  5/9        EV: 12    Int: 15    God:    Yredelemnul [*.....]
Gold:   164        SH:  0    Dex: 11    Spells: 3/9 levels left

rFire   . . .      SeeInvis +   b - +0 short sword
rCold   . . .      Faith    .   (no shield)
rNeg    . . .      Spirit   .   a - +0 robe
rPois   .          Reflect  .   (no helmet)
rElec   .          Harm     .   x - scarf {shadows}
rCorr   .          Rampage  .   (no gloves)
Will    .....                   (no boots)
Stlth   +.........              (no amulet)
HPRegen 0.16/turn               e - ring of see invisible
MPRegen 0.11/turn               (no ring)

@: lit by a corona, hasted, glowing, very quick
A: no striking features
a: Renounce Religion, Animate Remains


You were on level 4 of the Dungeon.
You worshipped Yredelemnul.
Yredelemnul was aware of your devotion.
You visited 1 branch of the dungeon, and saw 4 of its levels.

You collected 164 gold pieces.

Inventory:

Hand Weapons
 b - a +0 short sword (weapon)
Armour
 a - a +0 robe (worn)
 s - a +0 leather armour
 x - a scarf of shadows (worn)
Magical Staves
 g - a staff of poison
Jewellery
 e - a ring of see invisible (left hand)
 k - an amulet of reflection
 q - a ring of fire
Wands
 o - a wand of paralysis (3)
Scrolls
 c - a scroll of enchant armour {unknown}
 h - 2 scrolls of amnesia {unknown}
 i - a scroll of teleportation {unknown}
 l - a scroll of noise {unknown}
 m - 3 scrolls of identify {unknown}
 p - 2 scrolls of magic mapping {unknown}
 t - 2 scrolls of holy word {unknown}
 u - a scroll of enchant weapon {unknown}
 w - a scroll of fear {unknown}
 y - a scroll of vulnerability {unknown}
Potions
 d - a potion of curing {unknown}
 f - 2 potions of flight {unknown}
 j - a potion of cancellation {unknown}
 r - a potion of might {unknown}
 v - a potion of mutation {unknown}
 z - a potion of attraction {unknown}
 A - a potion of degeneration {unknown}


   Skills:
 + Level 2.8 Fighting
 - Level 2.0 Dodging
 - Level 2.0 Stealth
 - Level 2.0 Spellcasting
 * Level 6.4 Necromancy
 + Level 3.1 Invocations


You had 3 spell levels left.
You knew the following spells:

 Your Spells              Type           Power      Damage    Failure   Level
a - Pain                  Necr           80%        1d8       1%          1
b - Animate Skeleton      Necr           40%        N/A       1%          1
c - Animate Dead          Necr           10%        N/A       16%         4

Your spell library contained the following spells:

 Spells                   Type           Power      Damage    Failure   Level
 Vampiric Draining        Necr           20%        2d7       4%          3
 Magic Dart               Conj           4%         1d3       22%         1
 Call Imp                 Summ           1%         N/A       32%         2
 Passwall                 Tmut/Erth      0%         N/A       32%         2
 Call Canine Familiar     Summ           1%         N/A       54%         3
 Mephitic Cloud           Conj/Pois/Air  1%         N/A       54%         3
 Portal Projectile        Hex/Tloc       2%         N/A       54%         3
 Swiftness                Air            1%         N/A       54%         3
 Agony                    Necr           20%        N/A       41%         5
 Leda's Liquefaction      Hex/Erth       0%         N/A       91%         4
 Invisibility             Hex            0%         N/A       100%        6


Dungeon Overview and Level Annotations

Branches:
Dungeon (4/15)
 Temple: D:4-7

Altars:
Yredelemnul
The Shining One

Shops:
D:1 ?

Annotations:
D:4 1 runed translucent door


Message History

The gnoll closely misses you.
You closely miss the gnoll.
The gnoll is moderately wounded.
The gnoll misses you.
Your black bear zombie barely misses the gnoll.
Your black bear zombie claws the gnoll. x2
You barely miss the gnoll.
The gnoll is severely wounded.
The gnoll misses you.
Your black bear zombie bites the gnoll.
The gnoll dies!
Yredelemnul accepts your kill.
You closely miss the gnoll shaman.
The gnoll shaman is lightly wounded.
The gnoll hits you from afar with a +0 halberd!
The gnoll closely misses you.
The gnoll shaman hits your black bear zombie with a +0 whip!
The gnoll hits you with a +0 halberd.
Your black bear zombie misses the gnoll shaman.
Your black bear zombie closely misses the gnoll shaman.
Your black bear zombie claws the gnoll shaman.
The gnoll shaman mumbles some strange prayers to its god against you.
You are outlined in light.
The gnoll hits you with a +0 halberd!
* * * LOW HITPOINT WARNING * * *
The gnoll hits you from afar with a +0 halberd.
* * * LOW HITPOINT WARNING * * *
Your black bear zombie barely misses the gnoll shaman.
Your black bear zombie closely misses the gnoll shaman.
Your black bear zombie claws the gnoll shaman.
Something barely misses the gnoll shaman.
Something claws the gnoll shaman.
Something claws the gnoll shaman but does no damage.
You feel yourself speed up. The gnoll hits you but does no damage.
The gnoll hits you from afar with a +0 halberd.
* * * LOW HITPOINT WARNING * * *
Something bites the gnoll.
Something claws the gnoll. x2
The gnoll hits you from afar with a +0 halberd.
* * * LOW HITPOINT WARNING * * *
The gnoll hits you from afar with a +0 halberd!
You die...
Your body rises from the dead as a mindless zombie.

#........##.# #......#####
#........##.###...........
#..........Zg)g...........
#........##.###...........
###########g##..........#.
#...........g.....
#g.g......g.....##
#########..(..............
#......##@..............##
#...........#...........#.
#......#.........)......#.
#........##.#...........#(
#......##.................
#......##......####.......
#########......####.#####.
#......#....###...
##.#>.#..........#.


You could see a gnoll shaman (ally target), 3 gnolls and a friendly black bear
zombie.

Vanquished Creatures
  A black bear (D:4)
  3 orc priests (D:4)
  A hound (D:4)
  2 iguanas (D:4)
  A gnoll (D:4)
  2 adders
  A worm (D:4)
  4 dart slugs
  3 orcs
  10 bats
  9 endoplasms
  5 giant cockroaches
  8 goblins
  6 hobgoblins
  3 jackals (D:3)
  6 kobolds
  A quokka (D:1)
  8 ball pythons
  3 frilled lizards
  2 rats
79 creatures vanquished.

Vanquished Creatures (collateral kills)
  A gnoll (D:4)
1 creature vanquished.

Vanquished Creatures (others)
  A hound zombie (D:4)
  50 plants (D:1)
51 creatures vanquished.

Grand Total: 131 creatures vanquished

Notes
Turn   | Place    | Note
-------+----------+-------------------------------------------
     0 | D:1      | MacCMillion the Hill Orc Necromancer began the quest for
                  | the Orb.
     0 | D:1      | Reached XP level 1. HP: 14/14 MP: 3/3
   104 | D:1      | Reached XP level 2. HP: 11/20 MP: 2/4
   584 | D:1      | Learned a level 1 spell: Animate Skeleton
   659 | D:1      | Found Ufowuj's Magic Scroll Emporium.
   799 | D:1      | Reached XP level 3. HP: 26/26 MP: 5/5
  1599 | D:2      | Found a glowing golden altar of the Shining One.
  2553 | D:3      | Reached XP level 4. HP: 33/33 MP: 7/7
  2561 | D:3      | Paralysed by an orc for 5 turns
  3044 | D:3      | Reached skill level 5 in Necromancy
  3413 | D:3      | Found a basalt altar of Yredelemnul.
  3415 | D:3      | Noticed a profane servitor
  3425 | D:3      | Found a glowing golden altar of the Shining One.
  3427 | D:3      | Noticed an angel
  3441 | D:3      | Became a worshipper of Yredelemnul the Dark
  3739 | D:4      | Found a runed translucent door.
  4065 | D:4      | Reached skill level 1 in Fighting
  4065 | D:4      | Reached skill level 1 in Invocations
  4065 | D:4      | Reached XP level 5. HP: 23/40 MP: 2/8
  5037 | D:4      | Reached skill level 6 in Necromancy
  5037 | D:4      | Reached XP level 6. HP: 43/48 MP: 3/9
  5144 | D:4      | Noticed a black bear
  5171 | D:4      | Killed a black bear
  5178 | D:4      | Learned a level 4 spell: Animate Dead
  5273 | D:4      | Reached * piety under Yredelemnul
  5327 | D:4      | HP: 1/50 [gnoll (3)]
  5328 | D:4      | Mangled by a gnoll

Illustrated notes

Levels and vault maps discovered:
D:1:      roderic_crop_circles_arrival_small, layout_basic, serial_shops,
          shop_statue
D:2:      layout_basic, basic_altar, kennysheep_crisscross, minivault_27
D:3:      minmay_angry_zag, layout_rooms, grunt_temple_overflow_holy_war,
          kennysheep_nub
D:4:      layout_rooms, nicolae_overflow_crystal_walls,
          ebering_ghost_reflecting_pool, minmay_puff

Skill      XL: |  1  2  3  4  5  6 |
---------------+-------------------+-----
Spellcasting   | 2 |  2.0
Stealth        | 2 |  2.0
Dodging        | 2 |  2.0
Necromancy     | 5 6 |  6.4
Fighting       | 1 2 |  2.8
Invocations    | 1 2 3 |  3.1

Action                   |  1- 3 |  4- 6 || total
-------------------------+-------+-------++-------
Melee: Unarmed           |     6 |       ||     6
       Short sword       |   124 |    52 ||   176
 Cast: Pain              |    25 |    88 ||   113
       Animate Skeleton  |     3 |     2 ||     5
Invok: Animate Remains   |       |     2 ||     2
  Use: Potion            |       |     1 ||     1
 Stab: Sleeping          |     7 |       ||     7
Armor: Robe              |    42 |     8 ||    50
Dodge: Dodged            |   136 |    37 ||   173

Table legend: (Time is in decaauts)
 A = Elapsed time spent in this place.
 B = Non-inter-level travel time spent in this place.
 C = Inter-level travel time spent in this place.
 D = Time resting spent in this place.
 E = Time spent auto-exploring this place.
 F = Levels seen in this place.
 G = Mean time per level.
                   A        B        C        D        E       F      G
               +--------+--------+--------+--------+--------+-----+--------+
         Total |   5348 |   5271 |     77 |   1364 |   3036 |   4 | 1337.0 |
       Dungeon |   5348 |   5271 |     77 |   1364 |   3036 |   4 | 1337.0 |
               +--------+--------+--------+--------+--------+-----+--------+

Top non-repeatable levels by time:
     D:3: 1955 daAuts
     D:1: 1305 daAuts
     D:2: 1055 daAuts
     D:4: 1031 daAuts
